cohdb
Replays
Latest Replays
All Replays
Popular Replays
Top Player Replays
Match Explorer
How It Works
Community
CoH3 Stats
Reddit
Sign in to upload your games and track your stats! →
Sign in with Steam
Match 42715963
Unlisted
Match 42715963
Overview
Messages
Build Orders
End
Panzerpioneer Squad
Panzerpioneer Squad
250 Light Carrier
Construct Light Support Kompanie
MG34 Team
Selects Italian Infantry
Selects Guastatori Squad
Selects L6/40 Light Tank Combat Group
Panzerjäger Mechanized Group
L6/40 Light Tank Combat Group
Assault Grenadier Squad
2.5-tonne Medical Truck
Leo invictum
Mustache and Melons
tottcoys90
Na_Orbite
0
0
Comments
sign in to comment!
No comments posted yet!